 Dungeon Crawl Stone Soup version 0.18.1-50-g88ac8fd (webtiles) character file.

20197 magog001 the Blocker (level 12, -7/160 HPs)
             Began as a Minotaur Fighter on Dec 6, 2017.
             Was a High Priest of Nemelex Xobeh.
             Mangled by a death yak (10 damage)
             ... on level 3 of the Lair of Beasts on Dec 8, 2017.
             The game lasted 01:11:20 (13198 turns).

magog001 the Blocker (Minotaur Fighter)            Turns: 13198, Time: 01:11:25

Health: -7/160     AC: 26    Str: 20    XL:     12   Next: 43%
Magic:  16/16      EV:  2    Int:  5    God:    Nemelex Xobeh [*****.]
Gold:   573        SH: 13    Dex: 13    Spells: 0 memorised, 11 levels left

rFire  + + +     SeeInvis .     p - +8 long sword of Cocytus {slice, +Fly rF+++ MR+ Str-3}
rCold  . . .     Gourm    .     (armour currently unavailable)
rNeg   + + +     Faith    .     c - +0 shield
rPois  +         Spirit   .     (helmet currently unavailable)
rElec  .         Dismiss  .     (cloak currently unavailable)
rCorr  .         Reflect  .     (gloves currently unavailable)
SustAt .         Harm     .     (boots currently unavailable)
MR     +....     NoTele   +     (no amulet)
Stlth  +++.......               (no ring)
                                t - ring of protection from fire

@: tree-form, somewhat resistant to hostile enchantments, fairly stealthy
A: (retaliatory headbutt), (horns 0), mutation resistance 1
a: Triple Draw, Deal Four, Stack Five, Renounce Religion


You were on level 3 of the Lair of Beasts.
You worshipped Nemelex Xobeh.
Nemelex Xobeh was extremely pleased with you.
You were not hungry.
You were a tree.
You visited 2 branches of the dungeon, and saw 11 of its levels.

You collected 573 gold pieces.

Inventory:

Hand Weapons
 l - a +0 hunting sling
 p - the +8 long sword of Cocytus (weapon) {slice, +Fly rF+++ MR+ Str-3}
   (You found it on level 4 of the Dungeon)

   It inflicts extra damage upon your enemies.
   It affects your strength (-3).
   It renders you almost immune to fire.
   It affects your resistance to hostile enchantments.
   It lets you fly.
Missiles
 e - 409 stones
 i - 79 sling bullets
 o - 13 tomahawks
 s - 31 poisoned needles
 A - 12 curare-tipped needles
 L - 6 steel tomahawks (quivered)
Armour
 c - a +0 shield (worn)
 u - the +2 pair of boots of the Assassin (melded) {DetectMon Stab+ Stlth++}
   (You found it on level 1 of the Lair of Beasts)

   It makes you much more stealthy.
 v - a +2 cloak (melded)
 K - the +7 leather armour of Mawnep (melded) {rF+ rC+ Dex+2}
   (You found it on level 6 of the Dungeon)

   It affects your dexterity (+2).
   It protects you from fire.
   It protects you from cold.
Jewellery
 t - a ring of protection from fire (left branch)
Wands
 b - a wand of slowing (37/48)
 E - a wand of lightning (5/15)
 M - a wand of flame (27/48)
 O - a wand of disintegration (8/24)
Scrolls
 g - 2 scrolls of amnesia
 j - 3 scrolls of magic mapping
 r - 5 scrolls of recharging
 y - a scroll of fear
 C - 3 scrolls of teleportation
 H - a scroll of silence
 J - 3 scrolls of identify
 P - a scroll of immolation {unknown}
Potions
 d - a potion of mutation {unknown}
 h - 2 potions of cure mutation
 k - 3 potions of lignification
 w - a potion of berserk rage
 z - 2 potions of haste
 G - a potion of resistance
 N - a potion of curing
Miscellaneous
 a - an ornate deck of war
 f - an ornate deck of war
 q - an ornate deck of war
 B - an ornate deck of escape {drawn: 1}
 Q - an ornate deck of war {drawn: 1}
 R - a sack of spiders {used: 1}
Comestibles
 m - 3 bread rations
 n - 3 fruits
 D - a royal jelly


   Skills:
 * Level 10.5 Fighting
 * Level 9.2 Long Blades
   Level 7.0 Axes
 * Level 10.0 Armour
 + Level 8.2 Dodging
 + Level 2.9 Stealth
 * Level 12.1 Shields
 * Level 6.7 Evocations


You had 11 spell levels left.
You didn't know any spells.

Dungeon Overview and Level Annotations

Branches:
Dungeon (8/15)             Temple (0/1) D:4            Lair (3/8) D:8
  Swamp: Lair:3-6    Shoals: Lair:3-6     Snake: Lair:3-6    Spider: Lair:3-6

Altars:
Ashenzari
Elyvilon
Gozag
Makhleb
Nemelex Xobeh
Ru
Sif Muna
The Shining One


Innate Abilities, Weirdness & Mutations

((You reflexively headbutt those who attack you in melee.))
((You have a pair of horns on your head.))
You are somewhat resistant to further mutation.


Message History

You block the death yak's attack.
You hit the death yak.
The death yak is moderately wounded.
The death yak completely misses you.
You hit the death yak.
The death yak is heavily wounded.
You block the death yak's attack.
The death yak gores the fungus.
You hit the death yak.
The death yak is heavily wounded.
The death yak gores you.
* * * LOW HITPOINT WARNING * * *
The death yak gores the fungus!!
Evoke which item? (* to show all) (? for menu, Esc to quit)
You draw a card...
It is Water.
Splash!
You fall into the shallow water.
Moving in this stuff is going to be slow.
The death yak gores you!
You die...
Your body glows slightly and disappears.

#............... #.............#
.....# #..(.........# ........ #
#...........# ......... #
#.....?....# ..........## #
#.#..##...# ###...........P# #
##........####...............#
####.....'...##P##...............
.#....a..#....YY♣#...............
.#...⌠aa[+....E###{.............#
#††......#...#P##.S.............#
.......######### ...............#
.⌠...###.## ...............#
..........## .............<.P
............ ................
.<.⌠..⌠..... ................
..........+... ........P....


You could see 2 death yaks and a friendly water elemental.

Vanquished Creatures
  Erica (Lair:2)
  2 death yaks (Lair:3)
  An unseen horror (D:8)
  Pikel (D:7)
  A black mamba (Lair:2)
  6 spiny frogs
  A rime drake (D:7)
  5 komodo dragons
  The ghost of p0werm0de the Chopper, an amateur DsCK of Xom (D:4)
  A troll (D:4)
  A two-headed ogre (D:8)
  13 blink frogs
  A raiju (D:7)
  A hungry ghost (D:7)
  2 basilisks
  20 yaks
  A fire bat (D:8)
  2 steam dragons (D:8)
  A hippogriff (Lair:1)
  An orc warrior (D:7)
  11 porcupines
  6 water moccasins
  2 ice beasts
  2 sky beasts
  A slave (D:7)
  2 black bears
  7 wolves
  A centaur (D:8)
  9 crocodiles
  7 giant frogs
  Dowan (D:4)
  2 scorpions (D:6)
  2 killer bees (D:8)
  4 howler monkeys (D:8)
  5 crimson imps
  2 hounds
  A jelly (D:8)
  4 orc priests
  7 iguanas
  7 orc wizards
  5 worker ants
  A sheep (D:8)
  A hound skeleton (D:6)
  Robin (D:4)
  11 adders
  22 river rats
  3 shadow imps
  2 oozes
  An adder zombie (D:7)
  3 worms
  3 dart slugs
  3 giant geckos
  12 orcs
  2 giant cockroaches
  13 goblins
  6 hobgoblins
  12 jackals
  A quokka (D:8)
  A ball python (D:8)
  7 bats
  A giant gecko zombie (D:7)
  5 giant newts
  5 kobolds
  5 rats
  A fungus (D:8)
273 creatures vanquished.

Vanquished Creatures (collateral kills)
  2 death yaks (Lair:3)
  A blink frog (Lair:2)
  3 yaks
  A porcupine (Lair:3)
  A water moccasin (Lair:3)
  Duvessa (D:4)
  A killer bee (D:8)
  Terence (D:3)
  An adder (D:3)
  A worm (D:3)
  A giant gecko (D:4)
  4 orcs (D:3)
  2 goblins
  2 jackals (D:3)
  A kobold (D:1)
  A giant newt (D:3)
  4 rats
28 creatures vanquished.

Vanquished Creatures (others)
  A slave (D:7)
  A hound (D:8)
  A hound skeleton (D:7)
  A shadow imp (D:7)
  2 orcs (D:7)
  A giant cockroach (D:7)
  2 fungi
  4 plants
13 creatures vanquished.

Grand Total: 314 creatures vanquished

Notes
Turn   | Place    | Note
--------------------------------------------------------------
     0 | D:1      | magog001 the Minotaur Fighter began the quest for the Orb.
     0 | D:1      | Reached XP level 1. HP: 19/19 MP: 0/0
   112 | D:1      | Found a sparkling altar of Nemelex Xobeh.
   128 | D:1      | Became a worshipper of Nemelex Xobeh the Trickster
   315 | D:1      | Received a gift from Nemelex Xobeh
   515 | D:1      | Reached XP level 2. HP: 27/27 MP: 1/1
   575 | D:1      | Reached skill level 4 in Shields
   660 | D:1      | Reached * piety under Nemelex Xobeh
  1068 | D:2      | Reached XP level 3. HP: 30/33 MP: 2/2
  1302 | D:2      | Received a gift from Nemelex Xobeh
  1631 | D:2      | Reached skill level 1 in Evocations
  1812 | D:3      | Reached skill level 1 in Dodging
  1812 | D:3      | Reached XP level 4. HP: 40/40 MP: 3/3
  1858 | D:3      | Reached ** piety under Nemelex Xobeh
  2112 | D:3      | Noticed Terence
  2117 | D:3      | Killed Terence
  2598 | D:3      | Reached XP level 5. HP: 41/46 MP: 4/4
  2636 | D:4      | Noticed Duvessa
  2643 | D:4      | Noticed Dowan
  2645 | D:4      | Killed Duvessa
  2645 | D:4      | Reached skill level 5 in Shields
  2652 | D:4      | Noticed Robin
  2664 | D:4      | Killed Robin
  2668 | D:4      | Killed Dowan
  2668 | D:4      | Reached XP level 6. HP: 37/53 MP: 6/6
  2932 | D:4      | Noticed Eustachio
  2934 | D:4      | Received a gift from Nemelex Xobeh
  2937 | D:4      | Noticed Eustachio
  2937 | D:4      | Eustachio changed into Eustachio the worm
  2939 | D:4      | Killed Eustachio the worm
  3033 | D:4      | Noticed p0werm0de's ghost (amateur DsCK)
  3643 | D:4      | Found a staircase to the Ecumenical Temple.
  3773 | D:4      | Killed p0werm0de's ghost
  3773 | D:4      | Reached skill level 5 in Fighting
  3773 | D:4      | Reached skill level 5 in Armour
  3773 | D:4      | Reached XP level 7. HP: 56/61 MP: 7/7
  3891 | D:4      | Noticed a troll
  3910 | D:4      | Killed a troll
  3910 | D:4      | Reached skill level 6 in Shields
  3942 | D:4      | Got a dazzling long sword
  3953 | D:4      | Identified the +8 long sword of Cocytus {slice, +Fly rF+++ MR+ Str-3} (You found it on level 4 of the Dungeon)
  4145 | D:5      | Entered Level 5 of the Dungeon
  4248 | D:5      | Received a gift from Nemelex Xobeh
  4256 | D:5      | Reached *** piety under Nemelex Xobeh
  4365 | D:5      | Got a spiked leather armour
  4376 | D:5      | Identified the cursed +0 leather armour of Ofue {rN+ Stlth+} (You found it on level 5 of the Dungeon)
  4398 | D:5      | Reached skill level 5 in Axes
  4404 | D:5      | Found a shattered altar of Ashenzari.
  4489 | D:5      | Received a gift from Nemelex Xobeh
  4819 | D:5      | Reached XP level 8. HP: 56/70 MP: 8/8
  5080 | D:6      | Reached skill level 1 in Long Blades
  5243 | D:6      | Found a white marble altar of Elyvilon.
  5244 | D:6      | Found a sacrificial altar of Ru.
  5446 | D:6      | Received a gift from Nemelex Xobeh
  5457 | D:6      | Got a pitted leather armour
  5468 | D:6      | Identified the +7 leather armour of Mawnep {rF+ rC+ Dex+2} (You found it on level 6 of the Dungeon)
  5541 | D:6      | Reached skill level 7 in Shields
  5665 | D:6      | Gained mutation: You are somewhat resistant to further mutation. [mutagenic meat]
  5756 | D:7      | Found a sparkling altar of Nemelex Xobeh.
  5756 | D:7      | Found a burning altar of Makhleb.
  5873 | D:7      | Reached **** piety under Nemelex Xobeh
  6139 | D:7      | Noticed Pikel
  6157 | D:7      | Killed Pikel
  6157 | D:7      | Reached XP level 9. HP: 77/79 MP: 10/10
  6223 | D:7      | Reached skill level 8 in Shields
  6595 | D:7      | Received a gift from Nemelex Xobeh
  7001 | D:7      | Found a deep blue altar of Sif Muna.
  7257 | D:8      | Noticed a rime drake
  7257 | D:8      | a crocodile changed into a rime drake
  7267 | D:8      | Killed an unseen horror
  7268 | D:8      | Reached skill level 1 in Stealth
  7280 | D:7      | Reached skill level 9 in Shields
  7570 | D:8      | Reached XP level 10. HP: 79/88 MP: 12/12
  7592 | D:7      | Reached skill level 5 in Dodging
  7592 | D:7      | HP: 6/133 [poisoned by a killer bee]
  7923 | D:8      | Reached skill level 5 in Long Blades
  7930 | D:8      | Found a staircase to the Lair.
  8129 | D:8      | Found an opulent altar of Gozag.
  8129 | D:8      | Found a glowing golden altar of the Shining One.
  8290 | D:8      | Received a gift from Nemelex Xobeh
  8683 | Lair:1   | Entered Level 1 of the Lair of Beasts
  8687 | Lair:1   | Received a gift from Nemelex Xobeh
  8736 | Lair:1   | Reached ***** piety under Nemelex Xobeh
  8842 | Lair:1   | Reached skill level 10 in Shields
  8842 | Lair:1   | Reached skill level 5 in Evocations
  9328 | Lair:1   | Noticed a spiny frog
  9335 | Lair:1   | Killed a spiny frog
  9686 | Lair:1   | Received a gift from Nemelex Xobeh
  9720 | Lair:1   | Noticed a spiny frog
  9730 | Lair:1   | Reached XP level 11. HP: 77/97 MP: 13/13
 10435 | Lair:2   | Received a gift from Nemelex Xobeh
 10667 | Lair:2   | Noticed Erica
 10677 | Lair:2   | Killed Erica
 11288 | Lair:2   | Reached skill level 11 in Shields
 11723 | Lair:2   | You fall through a shaft!
 11787 | Lair:2   | Received a gift from Nemelex Xobeh
 12215 | Lair:2   | Reached skill level 10 in Fighting
 12521 | Lair:3   | Reached XP level 12. HP: 76/106 MP: 15/15
 12684 | Lair:3   | Received a gift from Nemelex Xobeh
 13132 | Lair:3   | Noticed a death yak
 13132 | Lair:3   | Noticed a death yak
 13133 | Lair:3   | Noticed a death yak
 13133 | Lair:3   | Noticed a death yak
 13133 | Lair:3   | Noticed a death yak
 13135 | Lair:3   | Noticed a death yak
 13148 | Lair:3   | Killed a death yak
 13163 | Lair:3   | Killed a death yak
 13163 | Lair:3   | Reached skill level 12 in Shields
 13180 | Lair:3   | Killed a death yak
 13189 | Lair:3   | Killed a death yak
 13189 | Lair:3   | Reached skill level 10 in Armour
 13193 | Lair:3   | HP: 4/160 [death yak (6)]
 13198 | Lair:3   | Mangled by a death yak

Skill      XL: |  1  2  3  4  5  6  7  8  9 10 11 12 |
---------------+-------------------------------------+-----
Shields        | 4 5 6 7 9 10 11 12 | 12.1
Fighting       | 4 5 7 8 9 10 | 10.5
Armour         | 4 5 6 7 8 9 10 | 10.0
Evocations     | 1 2 3 4 5 6 |  6.7
Dodging        | 1 2 3 4 6 7 8 |  8.2
Axes           | 3 4 5 6 7 |  7.0
Long Blades    | 2 4 6 8 9 |  9.2
Stealth        | 1 2 |  2.9

Action                   |  1- 3 |  4- 6 |  7- 9 | 10-12 || total
-------------------------+-------+-------+-------+-------++-------
Melee: War axe           |    66 |    90 |       |       ||   156
       Headbutt          |    10 |    16 |    30 |    88 ||   144
       Long sword        |       |       |   166 |   461 ||   627
       Dagger            |       |       |     9 |       ||     9
Evoke: Deck              |     3 |    13 |    13 |    14 ||    43
       Wand              |       |     6 |       |     1 ||     7
       Sack of spiders   |       |       |       |     1 ||     1
  Use: Scroll            |       |    13 |     9 |     4 ||    26
       Potion            |       |       |     5 |    10 ||    15
 Stab: Sleeping          |       |       |       |    10 ||    10
  Eat: Chunk             |     3 |     5 |     3 |     8 ||    19
       Beef jerky        |       |     1 |     1 |       ||     2
       Bread ration      |       |       |     3 |     1 ||     4
       Meat ration       |       |       |     1 |     1 ||     2
       Fruit             |       |       |       |     2 ||     2
Armor: Scale mail        |    39 |    10 |       |       ||    49
       Chain mail        |       |    78 |    42 |     3 ||   123
       Leather armour    |       |       |    56 |   181 ||   237
       Skin              |       |       |     3 |    59 ||    62
Dodge: Dodged            |    22 |    34 |    72 |   281 ||   409
Block: Shield            |    47 |    78 |   123 |   357 ||   605
